 Dungeon Crawl Stone Soup version 0.27.0-1-g7a089689b8 (webtiles) character file.

Game seed: 15450022204108389303

18923 wakim the Zephyrmancer (level 12, -5/93 (96) HPs)
             Began as a Grey Draconian Air Elementalist on July 31, 2021.
             Was an Elder of Sif Muna.
             Slain by a catoblepas (9 damage)
             ... while petrified by a basilisk
             ... on level 3 of the Lair of Beasts.
             The game lasted 00:53:19 (23365 turns).

wakim the Zephyrmancer (DrAE)                      Turns: 23365, Time: 00:53:20

HP:   -5/93 (96)    AC: 16    Str: 11    XL:     12   Next: 32%
MP:   14/21         EV:  2    Int: 20    God:    Sif Muna [****..]
Gold: 407           SH:  0    Dex: 18    Spells: 9/23 levels left

rFire    + + .     SeeInvis .   a - +4 scimitar
rCold    + . .     Faith    +   w - +0 buckler
rNeg     + + +     Spirit   .   (armour unavailable)
rPois    ∞         Reflect  .   (helmet restricted)
rElec    .         Harm     .   A - +1 cloak {rPois}
rCorr    .         Rampage  .   (no gloves)
Will     .....                  d - +0 pair of boots
Stlth    +++.......             k - amulet of Amikiuh {Faith +Inv rF++ rN+ Will-}
HPRegen  0.25/turn              o - ring of protection from cold
MPRegen  0.17/turn              x - +6 ring of dexterity

@: petrified, lightly drained
A: AC +13, amphibious, unfitting armour, cold-blooded
a: Renounce Religion, Evoke Invisibility, Channel Magic, Forget Spell, Divine
Exegesis


You were on level 3 of the Lair of Beasts.
You worshipped Sif Muna.
Sif Muna was greatly pleased with you.
You visited 3 branches of the dungeon, and saw 14 of its levels.

You collected 562 gold pieces.
You spent 155 gold pieces at shops.

Inventory:

Hand Weapons
 a - a +4 scimitar (weapon)
 b - a +0 short sword of electrocution
Missiles
 p - 5 throwing nets {=f!f}
Armour
 d - a +0 pair of boots (worn)
 w - a +0 buckler (worn)
 A - a +1 cloak of poison resistance (worn)
Jewellery
 k - the amulet of Amikiuh (around neck) {Faith +Inv rF++ rN+ Will-}
   (You bought it in a shop on level 7 of the Dungeon)

   [amulet of faith]

   It allows you to gain divine favour quickly.
   rF:        It greatly protects you from fire.
   rN:        It protects you from negative energy.
   +Inv:      It lets you turn invisible.
   Will:      It decreases your willpower.
 o - a ring of protection from cold (left hand)
 x - a +6 ring of dexterity (right hand)
Wands
 t - a wand of digging (11)
 u - a wand of mindburst (34)
 v - a wand of flame (29)
 y - a wand of paralysis (7)
Scrolls
 e - 4 scrolls of enchant weapon
 i - a scroll of enchant armour
 s - 2 scrolls of amnesia
 T - a scroll of teleportation
 U - a scroll of fear
 W - 3 scrolls of holy word
 Y - a scroll of blinking {!r}
Potions
 c - a potion of flight {unknown}
 f - 2 potions of ambrosia {unknown}
 h - a potion of haste {unknown}
 j - 2 potions of invisibility {unknown}
 m - 2 potions of degeneration {unknown}
 n - a potion of magic {unknown}
 q - 2 potions of heal wounds {unknown}
 z - 2 potions of mutation {unknown}
 B - 2 potions of attraction {!q}
 C - 2 potions of brilliance {unknown}
 E - 3 potions of cancellation
 F - 4 potions of curing
 L - 4 potions of lignification {!q}
 N - 3 potions of might
Miscellaneous
 l - a condenser vane


   Skills:
 - Level 6.0 Fighting
 - Level 6.0 Long Blades
 - Level 7.0 Dodging
 - Level 4.0 Stealth
 - Level 4.0 Shields
 + Level 6.0 Spellcasting
 + Level 6.8 Conjurations
 + Level 5.5 Fire Magic
 - Level 2.5 Ice Magic
 - Level 8.0 Air Magic
 - Level 6.0 Invocations
 - Level 6.0 Evocations


You had 9 spell levels left.
You knew the following spells:

 Your Spells              Type           Power      Damage    Failure   Level
a - Shock                 Conj/Air       100%       1d9       1%          1
b - Airstrike             Air            19%        N/A       3%          4
d - Static Discharge      Conj/Air       35%        N/A       1%          2
q - Sticky Flame          Conj/Fire      30%        2d5       9%          4
s - Swiftness             Air            38%        N/A       1%          3

Your spell library contained the following spells:

 Spells                   Type           Power      Damage    Failure   Level
 Conjure Flame            Conj/Fire      30%        6-21      2%          3
 Ensorcelled Hibernation  Hex/Ice        22%        N/A       10%         2
 Corona                   Hex            6%         N/A       11%         1
 Ozocubu's Armour         Ice            16%        N/A       11%         3
 Ignite Poison            Fire/Tmut/Pois 13%        N/A       14%         3
 Gell's Gravitas          Tloc           3%         N/A       30%         3
 Lesser Beckoning         Tloc           3%         N/A       30%         3
 Teleport Other           Tloc           6%         N/A       30%         3
 Tukima's Dance           Hex            6%         N/A       30%         3
 Conjure Ball Lightning   Conj/Air       17%        3x3d6     58%         6
 Metabolic Englaciation   Hex/Ice        5%         N/A       86%         5
 Simulacrum               Ice/Necr       5%         N/A       100%        6
 Discord                  Hex            3%         N/A       100%        8
 Disjunction              Tloc           3%         N/A       100%        8


Dungeon Overview and Level Annotations

Branches:
Dungeon (10/15)            Temple (1/1) D:7            Lair (3/6) D:8
  Swamp (0/4) Lair:2          Orc (0/2) D:10
  Snake: Lair:2-4    Spider: Lair:2-4

Altars:
Ashenzari
Cheibriados
Dithmenos
Elyvilon
Fedhas
Gozag
Hepliaklqana
Kikubaaqudgha
Makhleb
Nemelex Xobeh
Okawaru
Qazlal
Ru
Sif Muna
Trog
Uskayaw
Vehumet
Wu Jian
Xom
Yredelemnul
Zin
The Shining One

Shops:
D:7 *   D:10 :

Annotations:
D:9 exclusion: obsidian statue
D:10 1 runed translucent door, playitleo's ghost, journeyman GrFi
Lair:1 3 runed translucent doors, Bauqient's ghost, journeyman MfSu; Keadol's ghost, journeyman DrCj; Kuidesed's ghost, journeyman DrCj; vogonpoet's ghost, novice SpEn
Lair:2 3 runed translucent doors, Pechyafi's ghost, journeyman DDEE


Innate Abilities, Weirdness & Mutations

Your dull iron-grey scales are very hard. (AC +13)
You are amphibious.
You cannot fit into any form of body armour.
You are cold-blooded and may be slowed by cold attacks.


Message History

* * * LOW HITPOINT WARNING * * *
The catoblepas burns!
Things that are here:
a potion of curing; a hell rat corpse The catoblepas burns!
The catoblepas burns!
The catoblepas stops burning.
A basilisk comes into view.
The catoblepas breathes a plume of calcifying dust at you.
The blast of calcifying dust hits you.
* * * LOW HITPOINT WARNING * * *
The basilisk hisses angrily.
The basilisk gazes at you.
You are slowing down.
Your limbs are stiffening.
There is a stone staircase leading up here.
The catoblepas gores you but does no damage.
The catoblepas gores you!!
* * * LOW HITPOINT WARNING * * *
You have turned to stone.
The catoblepas gores you!!
* * * LOW HITPOINT WARNING * * *
The catoblepas gores you!
* * * LOW HITPOINT WARNING * * *
The basilisk gazes at you.
The catoblepas breathes a plume of calcifying dust at you.
The blast of calcifying dust hits you but does no damage.
You are engulfed in calcifying dust.
The basilisk bites you but does no damage.
The catoblepas gores you.
* * * LOW HITPOINT WARNING * * *
You are engulfed in calcifying dust.
The basilisk bites you but does no damage.
The catoblepas completely misses you.
You are engulfed in calcifying dust.
The basilisk bites you but does no damage.
The catoblepas gores you but does no damage.
You are engulfed in calcifying dust.
The basilisk bites you!
* * * LOW HITPOINT WARNING * * *
The catoblepas gores you!!
You die...

# ## #.#.
###.#.
!.....#
#...## ##..@#
###..lY##
....
#.....r.####
.....
#...........#
.....#
..........!##
....
........##†#
.. ..#
..........#†#
..r.#.
...[...#.#
#†. #...
......###
.... .#


You could see a catoblepas, a basilisk and a hell rat.

Vanquished Creatures
  2 hydras (Lair:2)
  A two-headed ogre (D:9)
  A torpor snail (Lair:1)
  A black mamba (Lair:1)
  A centaur zombie (D:10)
  Maggie (D:8)
  8 cane toads
  An unseen horror (D:10)
  A kobold demonologist (D:9)
  A rime drake (Lair:2)
  3 komodo dragons
  3 blink frogs (Lair:1)
  25 yaks
  2 wyverns
  2 wraiths (D:10)
  A vampire (D:10)
  2 basilisks
  A steam dragon (D:9)
  Grum (D:10)
  Duvessa (D:5)
  3 wargs
  5 water moccasins
  4 orc warriors
  2 ice beasts
  4 black bears
  A sky beast (D:7)
  2 wolves (D:10)
  4 ogres
  4 centaurs
  A necrophage (D:7)
  A kobold brigand (D:8)
  12 bullfrogs
  2 scorpions (D:4)
  A water moccasin zombie (D:7)
  Dowan (D:5)
  9 killer bees
  4 howler monkeys
  5 wights
  A vampire bat (Lair:1)
  2 bullfrog zombies
  A hound (D:5)
  A gnoll shaman (D:6)
  3 jellies
  4 orc priests
  A bullfrog skeleton (D:5)
  2 iguanas
  8 orc wizards
  4 hell rats (Lair:3)
  Natasha (thrice) (D:3)
  A killer bee zombie (D:6)
  A howler monkey zombie (D:9)
  5 adders
  7 gnolls
  2 shadow imps
  A white imp (D:5)
  An ufetubus (D:5)
  2 adder skeletons (D:4)
  A worm (D:2)
  33 orcs
  15 bats
  9 endoplasms
  7 giant cockroaches
  4 goblins
  3 hobgoblins
  7 jackals
  7 kobolds
  A quokka (D:2)
  A ball python (D:4)
  A frilled lizard (D:3)
  5 rats
268 creatures vanquished.

Vanquished Creatures (collateral kills)
  Harold (D:7)
1 creature vanquished.

Vanquished Creatures (others)
  A yak (D:9)
  10 fungi
  23 plants
  2 withered plants (Lair:1)
36 creatures vanquished.

Grand Total: 305 creatures vanquished

Notes
Turn   | Place    | Note
-------+----------+-------------------------------------------
     0 | D:1      | wakim the Draconian Air Elementalist began the quest for
                  | the Orb.
     0 | D:1      | Reached XP level 1. HP: 14/14 MP: 3/3
   573 | D:1      | Reached XP level 2. HP: 20/20 MP: 3/5
   726 | D:1      | Learned a level 2 spell: Static Discharge
  1454 | D:2      | You fall into a shaft and drop 2 floors!
  1480 | D:4      | Reached XP level 3. HP: 20/26 MP: 1/6
  1664 | D:4      | Reached skill level 4 in Air Magic
  1892 | D:4      | Noticed a scorpion
  2081 | D:4      | Reached XP level 4. HP: 15/33 MP: 1/7
  2376 | D:3      | Noticed Natasha
  2384 | D:3      | Killed Natasha
  2667 | D:2      | Found a faded altar of an unknown god.
  3643 | D:3      | Noticed Natasha
  3662 | D:3      | Killed Natasha
  3663 | D:3      | Reached skill level 5 in Air Magic
  3663 | D:3      | Reached XP level 5. HP: 38/38 MP: 1/8
  3737 | D:3      | Noticed Natasha
  3741 | D:3      | Killed Natasha
  4256 | D:3      | Learned a level 3 spell: Swiftness
  4420 | D:4      | Noticed an ogre
  4433 | D:4      | Killed an ogre
  4434 | D:4      | Reached XP level 6. HP: 13/45 MP: 0/9
  4798 | D:3      | Learned a level 4 spell: Airstrike
  4918 | D:4      | Reached skill level 6 in Air Magic
  5254 | D:5      | Entered Level 5 of the Dungeon
  5356 | D:5      | Noticed Dowan
  5450 | D:5      | Noticed an ice beast
  5537 | D:5      | Your scales start taking on a dull iron-grey colour.
  5537 | D:5      | Reduced skill Air Magic to level 5
  5537 | D:5      | Reached XP level 7. HP: 50/50 MP: 8/11
  5987 | D:5      | Reached skill level 6 in Air Magic
  6332 | D:5      | Noticed Duvessa
  6337 | D:5      | Killed Dowan
  6337 | D:5      | Killed Duvessa
  6338 | D:5      | Reached skill level 1 in Fighting
  6532 | D:5      | Found a glowing silver altar of Zin.
  6574 | D:6      | Reached XP level 8. HP: 55/61 MP: 8/14
  7106 | D:6      | Reached skill level 5 in Conjurations
  8376 | D:7      | Reached skill level 5 in Dodging
  8465 | D:7      | Found Gikluy's Assorted Antiques.
  8549 | D:7      | Reached XP level 9. HP: 71/71 MP: 3/15
  8721 | D:7      | Found a staircase to the Ecumenical Temple.
  8722 | D:7      | Noticed Harold
  8909 | D:7      | Killed Harold
  9261 | D:7      | Bought a translucent graven amulet for 155 gold pieces
  9261 | D:7      | Identified the amulet of Amikiuh {Faith +Inv rF++ rN+
                  | Will-} (You bought it in a shop on level 7 of the Dungeon)
  9305 | Temple   | Entered the Ecumenical Temple
  9395 | Temple   | Became a worshipper of Sif Muna the Loreminder
  9460 | D:8      | Reached skill level 1 in Evocations
  9802 | D:8      | Reached skill level 5 in Fighting
 10218 | D:8      | Reached * piety under Sif Muna
 10724 | D:8      | Found a staircase to the Lair.
 11456 | D:8      | Reached XP level 10. HP: 56/83 MP: 16/16
 12194 | D:8      | Noticed Maggie
 12223 | D:8      | Killed Maggie
 12224 | D:8      | Reached skill level 1 in Long Blades
 12224 | D:8      | Reached skill level 5 in Evocations
 12868 | D:9      | Noticed an obsidian statue
 13028 | D:9      | Noticed a two-headed ogre
 13389 | D:9      | Reached skill level 1 in Invocations
 14255 | D:9      | Killed a two-headed ogre
 14256 | D:9      | Reached skill level 5 in Long Blades
 14471 | D:10     | Entered Level 10 of the Dungeon
 14742 | D:10     | Found a staircase to the Orcish Mines.
 15096 | D:10     | Noticed Grum
 15108 | D:10     | Killed Grum
 15109 | D:10     | Reached skill level 1 in Shields
 15316 | D:10     | Found Beer's Book Boutique.
 15544 | D:10     | Reached ** piety under Sif Muna
 15616 | D:10     | Reached XP level 11. HP: 76/89 MP: 12/17
 15999 | D:10     | Found a runed translucent door.
 15999 | D:10     | Noticed playitleo's ghost (journeyman GrFi)
 16183 | D:10     | Reached skill level 5 in Invocations
 16654 | Lair:1   | Entered Level 1 of the Lair of Beasts
 16813 | Lair:1   | HP: 2/89 [cane toad (5)]
 17442 | Lair:1   | Learned a level 4 spell: Sticky Flame
 17678 | Lair:1   | Identified the +8 mace of Inference {distort, Int+2}
 17985 | Lair:1   | Found a runed translucent gate.
 18017 | Lair:1   | Found a runed translucent gate.
 18017 | Lair:1   | Found a runed translucent gate.
 18019 | Lair:1   | Noticed vogonpoet's ghost (novice SpEn)
 18019 | Lair:1   | Noticed Kuidesed's ghost (journeyman DrCj)
 18021 | Lair:1   | Noticed Keadol's ghost (journeyman DrCj)
 18024 | Lair:1   | Noticed Bauqient's ghost (journeyman MfSu)
 18336 | Lair:1   | Identified the +2 quarterstaff of the Cup {vorpal, rPois
                  | rC+ MP+9}
 18353 | Lair:1   | Reached skill level 1 in Ice Magic
 18474 | Lair:1   | Reached skill level 7 in Air Magic
 19252 | Lair:2   | Found a runed translucent gate.
 19252 | Lair:2   | Found a runed translucent gate.
 19252 | Lair:2   | Found a runed translucent gate.
 19252 | Lair:2   | Noticed an 11-headed hydra
 19253 | Lair:2   | Noticed Pechyafi's ghost (journeyman DDEE)
 19254 | Lair:2   | Noticed an 11-headed hydra
 19273 | Lair:2   | Found a staircase to the Swamp.
 19396 | Lair:2   | Reached *** piety under Sif Muna
 19585 | Lair:1   | Reached skill level 1 in Fire Magic
 20427 | Lair:2   | Reached skill level 8 in Air Magic
 20628 | Lair:2   | Noticed a six-headed hydra
 21315 | Lair:2   | Noticed a four-headed hydra
 21659 | Lair:1   | Reached skill level 5 in Spellcasting
 21659 | Lair:1   | Reached XP level 12. HP: 77/96 MP: 17/19
 21950 | Lair:2   | Killed a four-headed hydra
 22695 | Lair:2   | Killed a six-headed hydra
 22696 | Lair:2   | Reached skill level 5 in Fire Magic
 23319 | Lair:3   | Reached **** piety under Sif Muna
 23329 | Lair:3   | Noticed a catoblepas
 23365 | Lair:3   | HP: 4/93 [basilisk (6)]
 23365 | Lair:3   | Slain by a catoblepas

Illustrated notes

Levels and vault maps discovered:
D:1:      dpeg_arrival_tiny_c, layout_loops_cross, minmay_quantized
D:2:      layout_basic, chequers_ecumenical_altar_simple, minmay_tromino_v4_a
D:3:      layout_basic, uniq_natasha
D:4:      layout_rooms, minmay_splitting_lines
D:5:      layout_loops_cross, zin_treasury, uniq_duvessa
D:6:      layout_rooms
D:7:      layout_cave_pools, temple_green, serial_shops,
          nicolae_shop_window_shopping, uniq_harold
D:8:      layout_rooms, erik_lair_orcish_takeover, uniq_maggie
D:9:      layout_loops_ring, minivault_19, minmay_statue_bubble
D:10:     layout_basic, orc_0_dummy, hellmonk_ghost_happy_afterlife,
          serial_shops, shop, uniq_grum
Temple:   compressed_dpeg_circular_temple
Lair:1:   layout_regular_city, gauntlet_entry_generic, gammafunk_ghost_cemetery,
          roderic_batcave
Lair:2:   layout_chaotic_city, swamp_mist_pool, gammafunk_ghost_hydra_chop
Lair:3:   layout_cave_pods, spider_nest_entry_a, grunt_megastairs_5

Skill      XL: |  1  2  3  4  5  6  7  8  9 10 11 12 |
---------------+-------------------------------------+-----
Air Magic      | 4 5 5 6 8 |  8.0
Conjurations   | 2 3 4 6 |  6.8
Spellcasting   | 3 4 5 6 |  6.0
Fighting       | 1 4 5 6 |  6.0
Dodging        | 2 5 6 7 |  7.0
Stealth        | 4 |  4.0
Evocations     | 4 6 |  6.0
Long Blades    | 5 6 |  6.0
Invocations    | 4 6 |  6.0
Shields        | 1 4 |  4.0
Ice Magic      | 2 |  2.5
Fire Magic     | 4 5 |  5.5

Action                   |  1- 3 |  4- 6 |  7- 9 | 10-12 || total
-------------------------+-------+-------+-------+-------++-------
Melee: Mace              |    18 |     4 |     6 |       ||    28
       Tailslap          |     1 |       |    17 |    58 ||    76
       Short sword       |       |       |    75 |       ||    75
       Scimitar          |       |       |    38 |   260 ||   298
 Cast: Shock             |    52 |    48 |    41 |    20 ||   161
       Static Discharge  |     7 |    28 |    51 |    65 ||   151
       Airstrike         |       |       |    50 |   120 ||   170
       Swiftness         |       |       |     1 |    10 ||    11
       Sticky Flame      |       |       |       |    15 ||    15
Evoke: Wand              |       |       |     2 |       ||     2
  Use: Scroll            |     3 |     4 |     4 |     9 ||    20
       Potion            |       |       |     1 |     1 ||     2
 Stab: Sleeping          |       |       |     2 |     4 ||     6
       Distracted        |       |       |       |     1 ||     1
       Petrified         |       |       |       |     6 ||     6
Armor: Skin              |    27 |    19 |   110 |   210 ||   366
Dodge: Dodged            |    41 |    32 |   197 |   355 ||   625
Block: Buckler           |       |       |       |    77 ||    77
       Rpst.: Scimitar   |       |       |    27 |    93 ||   120
